 Dungeon Crawl Stone Soup version 0.30.0-29-ga12c61a403 (webtiles) character file.

Game seed: 9139563384942911621

65 qw the Chopper (level 4, -1/28 HPs)
             Began as a Gargoyle Fighter on June 5, 2023.
             Slain by a goblin
             ... wielding a +0 club
             ... led by Robin
              (3 damage)
             ... on level 3 of the Dungeon.
             The game lasted 00:00:35 (1592 turns).

qw the Chopper (Gargoyle Fighter)                   Turns: 1592, Time: 00:00:35

Health: -1/28      AC: 10    Str: 22    XL:     4   Next: 13%
Magic:  4/4        EV:  9    Int:  8    God:
Gold:   54         SH:  4    Dex:  9    Spells: 3/3 levels left

rFire   . . .        Y - +0 war axe
rCold   . . .        c - +0 buckler
rNeg    + . .        b - +0 scale mail
rPois   inf          (no helmet)
rElec   +            (no cloak)
rCorr   .            (no gloves)
SInv    .            (no boots)
Will    .....        (no amulet) Stlth
                     (no ring)
HPRegen 0.24/turn    (no ring)
MPRegen 0.09/turn

%: no passive effects
@: no status effects
A: sickness immunity, AC +3, negative energy resistance 1, electricity
resistance, torment resistance 1, petrification resistance
a: no special abilities


You were on level 3 of the Dungeon.
You visited 1 branch of the dungeon, and saw 3 of its levels.

You collected 54 gold pieces.


Innate Abilities, Weirdness & Mutations

You are immune to sickness and miasma.
Your stone body is resilient. (AC +3)
You are immune to poison.
You resist negative energy. (rN+)
You are resistant to electric shocks. (rElec)
You are resistant to unholy torment.
You are immune to petrification.


   Skills:
 - Level 3.2 Fighting
 + Level 3.6 Axes
 - Level 1.0 Throwing
 - Level 3.2 Armour
 - Level 3.2 Shields


You had 3 spell levels left.
You didn't know any spells.
Your spell library was empty.

Inventory:

Hand Weapons
 f - a +2 whip of electrocution
 Y - a +0 war axe (weapon)
Missiles
 i - 6 boomerangs
 j - 2 javelins (quivered)
Armour
 b - a +0 scale mail (worn)
 c - a +0 buckler (worn)
Scrolls
 a - a scroll of identify
Potions
 d - a potion of might
 g - a potion of magic
 h - a potion of lignification
 k - a potion of haste {unknown}
 l - a potion of ambrosia {unknown}

Dungeon Overview and Level Annotations

Branches:
Dungeon (3/15)

Altars:

Shops:
D:1 ?

Annotations:
D:3 Grinder, Robin


Message History

You closely miss the goblin.
The goblin is severely wounded.
You hit the goblin but do no damage. You hit Grinder. Robin closely misses you.
Grinder barely misses you.
The goblin hits you but does no damage. x2
You closely miss the goblin.
The goblin is severely wounded.
You closely miss the goblin. You hit Grinder.
Robin roars a battlecry!
The goblins go into a battle-frenzy!
Grinder hits you but does no damage. The goblin barely misses you.
The goblin closely misses you.
The goblin unwields a +0 dagger.
The goblin wields a +0 sling of flaming.
It bursts into flame!
The goblin shoots a sling bullet.
You block the sling bullet. Robin hits you but does no damage.
The goblin hits you but does no damage. x2; Grinder blinks!
You barely miss the goblin.
The goblin is severely wounded.
You hit the goblin but do no damage.
The goblin shoots a sling bullet.
You block the sling bullet.
Robin hits you from afar with a +0 spear.
The goblin barely misses you. The goblin hits you but does no damage.
You hit the goblin.
You kill the goblin!
You miss the goblin. Robin hits you but does no damage.
Grinder blinks!
The goblin hits you with a +0 club.
Your Throwing skill increases to level 1!
You hit the hobgoblin.
You kill the hobgoblin!
You closely miss the goblin. Robin throws the goblin at you!
The goblin closely misses you.
The goblin unwields a +0 sling of flaming.
It stops flaming.
The goblin wields a +0 dagger.
The goblin hits you but does no damage.
Grinder blinks!
The goblin hits you but does no damage. Robin barely misses you.
You hit the goblin but do no damage. You barely miss the goblin.
The goblin barely misses you. Robin closely misses you.
The goblin hits you with a +0 club.
You die...

.. #.. ..#
..#..#####..#
..#.........##
............#
#...........
#..5.....7.7
#........7.7
#.gg..###7.7
#>@).#..#..#
#))%.#~..<##
#.g.<#~~..#
....###8~..#
###..# #~~....
#..# #~......
.... #.......#
.(((.
........#
...#......


You could see Grinder, Robin and 2 goblins.

Vanquished Creatures
  2 adders (D:2)
  2 dart slugs (D:2)
  2 ball pythons
  An endoplasm (D:2)
  9 goblins
  6 hobgoblins
  5 kobolds
  2 quokkas
  5 bats
  3 frilled lizards (D:2)
  3 rats (D:2)
40 creatures vanquished.

Notes
Turn   | Place    | Note
-------+----------+-------------------------------------------
     0 | D:1      | qw the Gargoyle Fighter began the quest for the Orb.
     0 | D:1      | Reached XP level 1. HP: 14/14 MP: 1/1
     0 | D:1      | 0 ||| qw: Version: 0.2-a-108-gee2c290
     0 | D:1      | 0 ||| qw: Game counter: 1386
     0 | D:1      | 0 ||| qw: Always use a shield: true
     0 | D:1      | 0 ||| qw: God list: Okawaru
     0 | D:1      | 0 ||| qw: Allow faded altars: false
     0 | D:1      | 0 ||| qw: Do Orc after D:15 true
     0 | D:1      | 0 ||| qw: Do second Lair branch before Depths: true
     0 | D:1      | 0 ||| qw: Lair rune preference: random
     0 | D:1      | 0 ||| qw: Plans: Normal, Zot:1-4, Slime:5, God:TSO, Crypt,
                  | Tomb, Abyss, Pan, Hells, Win
     0 | D:1      | 0 ||| PLANNING D:1-11
    69 | D:1      | Found Hosem's Magic Scroll Boutique.
    81 | D:1      | 81 ||| SHOPLISTING scroll of enchant armour (90 gold, have
                  | 0).
    81 | D:1      | 81 ||| SHOPLISTING scroll of identify (24 gold, have 0).
    81 | D:1      | 81 ||| SHOPLISTING scroll of teleportation (36 gold, have
                  | 0).
   419 | D:1      | Reached XP level 2. HP: 19/19 MP: 2/2
   780 | D:1      | 780 ||| READING 4 scrolls labelled RETOW WOS ORIW.
   781 | D:1      | 781 ||| READING scroll labelled ANASOAKEUWA.
   782 | D:1      | 782 ||| READING 3 scrolls of identify.
   782 | D:1      | 782 ||| IDENTIFYING sedimented yellow potion
   783 | D:1      | 783 ||| READING 2 scrolls of identify.
   783 | D:1      | 783 ||| IDENTIFYING white potion
   881 | D:2      | 881 ||| Stepping ~*~*~tactically~*~*~ (stealth).
   999 | D:2      | Reached skill level 3 in Axes
   999 | D:2      | Reached XP level 3. HP: 23/23 MP: 3/3
  1014 | D:2      | 1014 ||| Stepping ~*~*~tactically~*~*~ (hiding).
  1019 | D:2      | 1019 ||| Stepping ~*~*~tactically~*~*~ (hiding).
  1024 | D:2      | 1024 ||| Stepping ~*~*~tactically~*~*~ (hiding).
  1137 | D:2      | 1137 ||| Stepping ~*~*~tactically~*~*~ (stealth).
  1141 | D:2      | 1141 ||| Stepping ~*~*~tactically~*~*~ (stealth).
  1340 | D:2      | 1340 ||| Stepping ~*~*~tactically~*~*~ (stealth).
  1362 | D:2      | 1362 ||| Stepping ~*~*~tactically~*~*~ (hiding).
  1363 | D:2      | 1363 ||| Stepping ~*~*~tactically~*~*~ (hiding).
  1555 | D:2      | 1555 ||| READING scroll labelled KYUWAS ILYDUR.
  1563 | D:3      | 1563 ||| PLANNING SEWER
  1570 | D:3      | Noticed Grinder
  1571 | D:3      | 1571 ||| Stepping ~*~*~tactically~*~*~ (hiding).
  1578 | D:3      | Noticed Robin
  1582 | D:3      | Reached XP level 4. HP: 25/28 MP: 4/4
  1586 | D:3      | HP: 7/28 [Robin/goblin (3)]
  1589 | D:3      | HP: 3/28 [Robin/+0 spear (4)]
  1590 | D:3      | HP: 1/28 [goblin/+0 club[Robin] (2)]
  1591 | D:3      | Reached skill level 1 in Throwing
  1592 | D:3      | Slain by a goblin

Levels and vault maps discovered:
D:1:      shiori_arrival_elements, layout_basic, serial_shops,
          nicolae_shop_just_a_little_nook
D:2:      layout_basic
D:3:      layout_basic, nicolae_qazlal_beasts_of_the_sky, lemuel_round_altar,
          old_standard_altar, serial_forest, infiniplex_forest_fountain,
          infiniplex_forest_straight_1, infiniplex_forest_clump_curved,
          infiniplex_forest_end_2, infiniplex_forest_lined_room_3,
          infiniplex_forest_lined_2, infiniplex_forest_join,
          infiniplex_forest_lined_1, gup_sewer_entry_bowl, chequers_mini_garden,
          kennysheep_cluttered_room, moated_statue, kennysheep_small_spiral,
          uniq_grinder, uniq_robin

Skill      XL: |  1  2  3  4 |
---------------+-------------+-----
Axes           | 2 3 |  3.6
Throwing       | 1 |  1.0
Fighting       | |  3.2
Armour         | |  3.2
Shields        | |  3.2

Action                     |  1- 3 |  4- 6 || total
---------------------------+-------+-------++-------
  Melee: War axe           |    67 |    11 ||    78
  Throw: Boomerang         |    16 |       ||    16
         Javelin           |     5 |       ||     5
    Use: Scroll            |     5 |       ||     5
 Armour: Scale mail        |    37 |    18 ||    55
  Dodge: Dodged            |    32 |    14 ||    46
  Block: Buckler           |    16 |     2 ||    18

Table legend:
 A = Non-vault XP
 B = Vault XP
 C = Vault XP percentage of total XP
 D = Non-vault monster count
 E = Vault monster count
 F = Vault count percentage of total count
                 A         B        C        D         E       F
            +---------+---------+-------+---------+---------+-------
      Total |      75 |      18 |  19.4 |      31 |       9 |  22.5
            +---------+---------+-------+---------+---------+-------
        D:1 |      11 |       0 |   0.0 |       7 |       0 |   0.0
        D:2 |      64 |       0 |   0.0 |      24 |       0 |   0.0
        D:3 |       0 |      18 | 100.0 |       0 |       9 | 100.0
            +---------+---------+-------+---------+---------+-------
